 Dungeon Crawl Stone Soup version 0.21.1-1-g345015f (webtiles) character file.

7667 inc the Nimble (level 10, -6/54 HPs)
             Began as a Felid Ice Elementalist on Feb 19, 2018.
             Was an Elder of Elyvilon.
             Mangled by a death yak (13 damage)
             ... on level 2 of the Lair of Beasts.
             The game lasted 01:55:11 (23539 turns).

inc the Nimble (Felid Ice Elementalist)            Turns: 23539, Time: 01:55:12

Health: -6/54      AC: 18    Str:  4    XL:     10   Next: 99%
Magic:  11/21      EV: 16    Int: 19    God:    Elyvilon [****..]
Gold:   565        SH:  5    Dex: 18    Spells: 2/23 levels left
                                        Lives:  0   Deaths: 3

rFire    x . .     SeeInvis +     - Unarmed
rCold    + + +     Gourm    .   (shield unavailable)
rNeg     . . .     Faith    .   (armour unavailable)
rPois    +         Spirit   .   (helmet unavailable)
rElec    .         Reflect  +   (cloak unavailable)
rCorr    .         Harm     .   (gloves unavailable)
MR       +....                  (boots unavailable)
Stlth    +++++.....             G - +5 amulet of reflection
HPRegen  0.18/turn              v - +4 ring of protection
MPRegen  0.17/turn              A - ring of stealth

@: icy armour, ice-form, invisible, slow
A: large, no armour, no weapons or thrown items, stealth, see invisible,
carnivore, slow metabolism 1
a: End Transformation, Lesser Healing, Heal Other, Purification, Greater
Healing, Divine Protection, Renounce Religion


You were on level 2 of the Lair of Beasts.
You worshipped Elyvilon.
Elyvilon was greatly pleased with you.
You were not hungry.
You were a creature of crystalline ice.
You visited 3 branches of the dungeon, and saw 15 of its levels.
You also visited: Labyrinth and Sewer.

You collected 565 gold pieces.

Inventory:

Jewellery
 c - a +4 ring of intelligence
 l - a +3 ring of evasion
 v - a +4 ring of protection (left front paw)
 w - an uncursed ring of stealth
 A - a ring of stealth (right front paw)
 F - an uncursed ring of flight
 G - a +5 amulet of reflection (around neck)
 K - an uncursed ring of magical power
 P - a +5 ring of evasion
Wands
 B - a wand of acid (2)
 C - a wand of iceblast (11)
 E - a wand of polymorph (9)
 J - a wand of digging (9)
 L - a wand of paralysis (9)
 R - a wand of enslavement (13)
 S - a wand of flame (59)
Scrolls
 e - 2 scrolls of fear
 h - 6 scrolls of teleportation
 n - 2 scrolls of blinking
 o - 2 scrolls of fog
 u - 4 scrolls of remove curse
 y - a scroll of torment {unknown}
 D - a scroll of acquirement {unknown}
 H - 3 scrolls of identify
 Q - a scroll of magic mapping {unknown}
Potions
 d - a potion of flight {unknown}
 f - 2 potions of mutation
 g - 2 potions of invisibility
 i - 4 potions of curing
 j - 6 potions of agility
 k - a potion of lignification {unknown}
 m - 3 potions of heal wounds
 p - 3 potions of magic
 q - 6 potions of brilliance
 r - 3 potions of might
 s - a potion of cancellation {unknown}
 z - a potion of ambrosia {unknown}
 I - a potion of degeneration {unknown}
 N - a potion of haste {unknown}
 O - 2 potions of berserk rage {unknown}
Books
 a - a book of Frost

   Spells                             Type                      Level
   a - Freeze                         Ice                          1
   b - Throw Frost                    Conjuration/Ice              2
   c - Ozocubu's Armour               Charms/Ice                   3
   d - Throw Icicle                   Conjuration/Ice              4
   e - Summon Ice Beast               Ice/Summoning                4
 t - a book of Changes

   Spells                             Type                      Level
   a - Beastly Appendage              Transmutation                1
   b - Sticks to Snakes               Transmutation                2
   c - Spider Form                    Transmutation/Poison         3
   d - Ice Form                       Ice/Transmutation            4
   e - Blade Hands                    Transmutation                5
 x - a book of Clouds

   Spells                             Type                      Level
   a - Poisonous Vapours              Poison/Air                   2
   b - Mephitic Cloud                 Conjuration/Poison/Air       3
   c - Conjure Flame                  Conjuration/Fire             3
   d - Freezing Cloud                 Conjuration/Ice/Air          6
   e - Ring of Flames                 Charms/Fire                  7
 M - a book of Minor Magic

   Spells                             Type                      Level
   a - Magic Dart                     Conjuration                  1
   b - Blink                          Translocation                2
   c - Call Imp                       Summoning                    2
   d - Slow                           Hexes                        2
   e - Conjure Flame                  Conjuration/Fire             3
   f - Mephitic Cloud                 Conjuration/Poison/Air       3
 T - a book of Power

   Spells                             Type                      Level
   a - Iskenderun's Battlesphere      Conjuration/Charms           5
   b - Venom Bolt                     Conjuration/Poison           5
   c - Bolt of Magma                  Conjuration/Fire/Earth       5
   d - Iron Shot                      Conjuration/Earth            6
   e - Orb of Destruction             Conjuration                  7
   f - Spellforged Servitor           Conjuration/Summoning        7
 U - a book of Spatial Translocations

   Spells                             Type                      Level
   a - Blink                          Translocation                2
   b - Shroud of Golubria             Charms/Translocation         2
   c - Lesser Beckoning               Translocation                3
   d - Gell's Gravitas                Translocation                3
   e - Teleport Other                 Translocation                3
   f - Passage of Golubria            Translocation                4
 V - a book of Battle

   Spells                             Type                      Level
   a - Infusion                       Charms                       1
   b - Shroud of Golubria             Charms/Translocation         2
   c - Song of Slaying                Charms                       2
   d - Spectral Weapon                Hexes/Charms                 3
   e - Regeneration                   Charms/Necromancy            3
Comestibles
 b - 18 rations


   Skills:
 - Level 6.1 Fighting
 - Level 9.0 Dodging
 * Level 8.8 Stealth
 - Level 9.0 Unarmed Combat
 - Level 7.0 Spellcasting
 - Level 4.8 Conjurations
 - Level 7.3 Charms
 - Level 0.6 Summonings
 - Level 6.3 Transmutations
 - Level 7.4 Ice Magic


You had 2 spell levels left.
You knew the following spells:

 Your Spells              Type           Power        Failure   Level  Hunger
a - Freeze                Ice            ####         1%          1    None
b - Throw Frost           Conj/Ice       ####..       1%          2    None
c - Ozocubu's Armour      Chrm/Ice       ####....     1%          3    #......
d - Throw Icicle          Conj/Ice       ####....     8%          4    ###....
e - Summon Ice Beast      Ice/Summ       ###.....     19%         4    ###....
f - Ice Form              Ice/Tmut       ####....     6%          4    ###....
g - Conjure Flame         Conj/Fire      ###.....     11%         3    #......


Dungeon Overview and Level Annotations

Branches:
Dungeon (12/15)            Temple (1/1) D:6            Lair (2/6) D:11
  Swamp: Lair:2-4    Shoals: Lair:2-4     Snake: Lair:2-4    Spider: Lair:2-4
    Orc: D:9-12

Altars:
Ashenzari
Cheibriados
Dithmenos
Elyvilon
Fedhas
Gozag
Hepliaklqana
Kikubaaqudgha
Makhleb
Nemelex Xobeh
Okawaru
Qazlal
Ru
Sif Muna
Trog
Uskayaw
Vehumet
Wu Jian
Xom
Yredelemnul
Zin
The Shining One

Shops:
D:4 *

Annotations:
D:9 Gastronok


Innate Abilities, Weirdness & Mutations

You cannot wear armour.
You are incapable of wielding weapons or throwing items.
Your paws allow you to move quietly. (Stealth)
((You have sharp claws.))
((You have razor-sharp teeth.))
You have supernaturally acute eyesight. (SInv)
You are carnivorous and can eat meat at any time.
((You cover ground quickly.))
((You are covered in thick fur. (AC +2)))
You have a slow metabolism.
((Your sharp claws are effective at attacking unaware monsters.))


Message History

The death yak barely misses you.
The death yak gores you but does no damage.
You hit the death yak but do no damage.
The death yak is almost dead.
You block the death yak's attack.
You hit the death yak but do no damage.
The death yak is almost dead.
The death yak barely misses you. You block the death yak's attack.
You hit the death yak. You freeze the death yak.
The death yak is almost dead.
The death yak gores you! x2
* * * LOW HITPOINT WARNING * * *
You are healed.
You feel somewhat more hungry. The death yak gores you! x2
* * * LOW HITPOINT WARNING * * *
You block the death yak's attack. The death yak barely misses you.
The death yak closely misses you.
You fade into invisibility!
The death yak barely misses you. The death yak misses you.
The death yak gores you!
You die...

...P#....###.#P...###.
#.#...... ...####.l.###.....#
##.....#. #..## #...##......#
#.......# #P..#####........##
##....Y.## #...#.#...........#
##.......##
###...............##
##........#.
##<..............###.#.........
##...##............##...#......
#PY####P.....YY....#...........
#P.## ###...5YYYY......#.......
#..P# #.....hh...........##...
##..#####P...............#.#
##.
#...#.#.#........#.#.$...### #
##....#.........#.###.....#
...............####.Y....##
#.#.............##P.#h[...##
####...⌠..≈≈......Y.Y..≈≈.⌠#


You could see 5 death yaks, 2 polar bears and a white imp.

Vanquished Creatures
  A minotaur (Lab)
  2 hydras
  3 two-headed ogres
  2 unseen horrors
  An ugly thing (D:11)
  A cyclops (D:11)
  A black mamba (Lair:1)
  2 gargoyles (D:10)
  A spiny frog (Lair:2)
  The ghost of Autsider the Cudgeler, a novice FoAK of Lugonu (D:4)
  A polar bear (Lair:2)
  Grinder (D:5)
  A minotaur skeleton (Lab)
  4 hippogriffs
  12 yaks
  2 basilisks
  3 hogs
  A human (D:6)
  Eustachio (D:4)
  A hungry ghost (D:7)
  2 wargs (D:11)
  Edmund (D:6)
  2 porcupines
  4 orc warriors
  A sky beast (D:11)
  An eye of draining (D:11)
  An ice beast (D:10)
  2 black bears
  8 ogres
  A phantom (D:10)
  A centaur (D:6)
  3 crocodiles
  3 big kobolds
  11 bullfrogs
  2 scorpions
  A water moccasin skeleton (D:6)
  12 killer bees
  3 howler monkeys
  6 hounds
  3 jellies
  12 orc wizards
  10 orc priests
  2 bullfrog skeletons
  3 iguanas
  3 worker ants
  A hound zombie (D:6)
  A hound skeleton (D:11)
  A worker ant zombie (D:7)
  15 adders
  8 river rats
  2 shadow imps
  2 white imps (Lair:2)
  2 oozes (Sewer)
  2 adder skeletons
  8 worms
  4 dart slugs
  7 leopard geckos
  35 orcs
  11 ball pythons (Sewer)
  8 giant cockroaches
  8 goblins
  5 hobgoblins
  23 jackals
  4 quokkas
  8 bats
  11 frilled lizards
  24 kobolds
  32 rats
362 creatures vanquished.

Vanquished Creatures (collateral kills)
  2 yaks (D:9)
  Menkaure (D:5)
  A centaur zombie (D:6)
  Crazy Yiuf (D:5)
  An iguana (D:5)
6 creatures vanquished.

Vanquished Creatures (others)
  4 orcs
  A kobold (D:9)
  A bush (Lair:2)
  3 fungi (Lair:2)
  3 plants
12 creatures vanquished.

Grand Total: 380 creatures vanquished

Notes
Turn   | Place    | Note
-------+----------+-------------------------------------------
     0 | D:1      | inc the Felid Ice Elementalist began the quest for the Orb.
     0 | D:1      | Reached XP level 1. HP: 7/7 MP: 4/4
   439 | D:1      | Reached XP level 2. HP: 11/11 MP: 4/6
   815 | D:1      | Reached XP level 3. HP: 14/14 MP: 7/7
  1293 | D:2      | Found a snail-covered altar of Cheibriados.
  1758 | D:3      | Learned a level 2 spell: Throw Frost
  1762 | D:3      | Learned a level 3 spell: Ozocubu's Armour
  2117 | D:3      | Reached XP level 4. HP: 14/18 MP: 2/8
  3156 | D:3      | Reached skill level 1 in Fighting
  3166 | D:3      | Reached XP level 5. HP: 11/22 MP: 1/9
  3343 | D:3      | Found a shattered altar of Ashenzari.
  3987 | D:4      | Gained mutation: You are covered in thick fur. (AC +2) [Felid growth]
  3987 | D:4      | Reached XP level 6. HP: 13/27 MP: 1/10
  4128 | D:4      | Reached skill level 5 in Dodging
  4277 | D:4      | Noticed Eustachio
  4508 | D:4      | Found a glowing drain.
  4515 | Sewer    | Entered a sewer
  5991 | Sewer    | Reached XP level 7. HP: 18/31 MP: 8/13
  6316 | D:4      | Found Kunuafuc's Assorted Antiques.
  6577 | D:4      | Noticed Autsider's ghost (novice FoAK)
  6590 | D:4      | Killed Autsider's ghost
  6590 | D:4      | Reached skill level 1 in Conjurations
  6590 | D:4      | Reached skill level 1 in Charms
  6800 | D:4      | Learned a level 4 spell: Throw Icicle
  6805 | D:4      | Learned a level 4 spell: Summon Ice Beast
  6831 | D:4      | Killed Eustachio
  6929 | D:4      | Reached XP level 8. HP: 27/36 MP: 9/15
  7079 | D:5      | Entered Level 5 of the Dungeon
  7081 | D:5      | Noticed Menkaure
  7251 | D:5      | Noticed Grinder
  7253 | D:5      | Paralysed by Grinder for 5 turns
  7987 | D:6      | Found a basalt altar of Yredelemnul.
  7987 | D:6      | Found a sacrificial altar of Ru.
  8183 | D:6      | Reached skill level 5 in Ice Magic
  8690 | D:6      | Reached skill level 5 in Fighting
  9225 | D:6      | Noticed Edmund
  9234 | D:6      | Killed Edmund
  9353 | D:6      | Found a staircase to the Ecumenical Temple.
  9362 | Temple   | Entered the Ecumenical Temple
  9634 | Temple   | Became a worshipper of Elyvilon the Healer
 10481 | D:6      | Reached XP level 9. HP: 18/41 MP: 8/16
 11019 | D:7      | Slain by a killer bee
 11020 | D:7      | Reached XP level 8. HP: -1/38 MP: 11/15
 11095 | D:5      | Killed Menkaure
 11488 | D:5      | Killed Grinder
 11747 | D:5      | Found a runed door.
 11751 | D:5      | Noticed Crazy Yiuf
 11788 | D:5      | Killed Crazy Yiuf
 12184 | D:8      | Reached * piety under Elyvilon
 12310 | D:8      | Reached skill level 1 in Unarmed Combat
 13064 | D:7      | Reached XP level 9. HP: 39/41 MP: 16/16
 13079 | D:7      | Paralysed by fainting for 12 turns
 13523 | D:7      | Reached skill level 5 in Unarmed Combat
 14177 | D:8      | Noticed a two-headed ogre
 14198 | D:7      | HP: 2/41 [two-headed ogre/giant club (29)]
 14615 | D:9      | Reached skill level 5 in Charms
 15161 | D:9      | Reached ** piety under Elyvilon
 15301 | D:9      | Noticed an unseen horror
 15319 | D:9      | Killed an unseen horror
 15319 | D:9      | Reached skill level 5 in Spellcasting
 15466 | D:9      | Noticed Gastronok
 15841 | D:9      | Reached XP level 10. HP: 32/45 MP: 9/18
 15885 | D:9      | Reached skill level 5 in Stealth
 16043 | D:9      | Killed from afar by Gastronok
 16044 | D:9      | Reached XP level 9. HP: -5/41 MP: 3/18
 16063 | D:10     | Entered Level 10 of the Dungeon
 16183 | D:10     | Noticed an unseen horror
 16197 | D:10     | Killed an unseen horror
 16625 | D:10     | Noticed a two-headed ogre
 16632 | D:10     | Killed a two-headed ogre
 16817 | D:10     | Noticed a gargoyle
 16835 | D:10     | Killed a gargoyle
 16835 | D:10     | Reached XP level 10. HP: 37/45 MP: 3/20
 17260 | D:10     | Learned a level 4 spell: Ice Form
 17261 | D:10     | Reached *** piety under Elyvilon
 17283 | D:11     | Found a staircase to the Lair.
 17436 | D:10     | Noticed a gargoyle
 17463 | D:10     | Killed a gargoyle
 17829 | D:11     | Reached skill level 1 in Transmutations
 18184 | Lair:1   | Entered Level 1 of the Lair of Beasts
 18694 | Lair:1   | Noticed a seven-headed hydra
 18990 | Lair:1   | Learned a level 3 spell: Conjure Flame
 19477 | D:11     | Reached **** piety under Elyvilon
 19601 | D:11     | Noticed a red ugly thing
 19707 | D:11     | Killed a brown ugly thing
 19788 | D:11     | Noticed a cyclops
 19788 | D:11     | Elyvilon protects you from harm!
 19800 | D:11     | Killed a cyclops
 19800 | D:11     | Reached XP level 11. HP: 30/48 MP: 9/22
 20246 | D:11     | Noticed a four-headed hydra
 20261 | D:11     | Killed a four-headed hydra
 20484 | D:11     | Noticed a two-headed ogre
 20490 | D:11     | Killed a two-headed ogre
 20638 | D:11     | Noticed a two-headed ogre
 20645 | D:11     | Killed a two-headed ogre
 21034 | Lair:1   | Killed a seven-headed hydra
 21034 | Lair:1   | Reached skill level 5 in Transmutations
 22318 | Lair:2   | Noticed a death yak
 22331 | Lair:2   | Noticed a death yak
 22331 | Lair:2   | Noticed a death yak
 22332 | Lair:2   | Noticed a death yak
 22332 | Lair:2   | Noticed a death yak
 22409 | Lair:2   | Found a labyrinth entrance.
 22418 | Lab      | Entered a labyrinth
 23226 | Lab      | Noticed a minotaur
 23235 | Lab      | Slain by a minotaur
 23236 | Lab      | Reached XP level 10. HP: -1/54 MP: 16/21
 23301 | Lab      | Killed a minotaur
 23539 | Lair:2   | Mangled by a death yak

Skill      XL: |  1  2  3  4  5  6  7  8  9 10 11 |
---------------+----------------------------------+-----
Ice Magic      | 3 4 7 |  7.4
Dodging        | 3 4 5 6 7 8 9 |  9.0
Fighting       | 1 2 3 4 6 |  6.1
Spellcasting   | 3 4 6 7 |  7.0
Conjurations   | 1 2 4 |  4.8
Charms         | 1 7 |  7.3
Unarmed Combat | 3 5 9 8 |  9.0
Stealth        | 7 8 |  8.8
Transmutations | 3 6 |  6.3
Summonings     | |  0.6

Action                   |  1- 3 |  4- 6 |  7- 9 | 10-12 || total
-------------------------+-------+-------+-------+-------++-------
Melee: Unarmed           |    28 |    80 |   151 |   321 ||   580
       Bite              |     1 |     8 |    18 |    15 ||    42
       Punch             |       |       |     1 |     5 ||     6
 Cast: Freeze            |    70 |   186 |   339 |   154 ||   749
       Ozocubu's Armour  |     1 |     1 |    26 |    29 ||    57
       Throw Frost       |       |     4 |    23 |    22 ||    49
       Summon Ice Beast  |       |       |     6 |     2 ||     8
       Throw Icicle      |       |       |    15 |    15 ||    30
       Ice Form          |       |       |       |    10 ||    10
       Conjure Flame     |       |       |       |     3 ||     3
Invok: Lesser Healing    |       |       |     1 |     6 ||     7
       Greater Healing   |       |       |       |     5 ||     5
       Purification      |       |       |       |     1 ||     1
  Use: Scroll            |       |    12 |     8 |       ||    20
       Potion            |       |       |     2 |     2 ||     4
 Stab: Sleeping          |    11 |     6 |     9 |    29 ||    55
       Distracted        |       |     1 |     1 |     1 ||     3
  Eat: Chunk             |     4 |    15 |    10 |    20 ||    49
       Ration            |       |       |     6 |       ||     6
Armor: Skin              |     2 |    14 |    63 |   110 ||   189
Dodge: Dodged            |    72 |   284 |   512 |   345 ||  1213
Block: Other             |       |       |    32 |   105 ||   137
       Reflection        |       |       |     1 |     5 ||     6
